 Dungeon Crawl Stone Soup version 0.17-a0-776-gd86b262 (webtiles) character file.

1497 FedoraBrony69 the Destroyer (level 8, -9/41 HPs)
             Began as a Deep Elf Air Elementalist on Apr 25, 2015.
             Was a Believer of Vehumet.
             Mangled by a two-headed ogre
             ... wielding a +0 dire flail
              (20 damage)
             ... on level 8 of the Dungeon.
             The game lasted 00:19:37 (6969 turns).

FedoraBrony69 the Destroyer (DEAE)                  Turns: 6969, Time: 00:19:38

Health: -9/41      AC:  5    Str:  5    XL:     8   Next: 51%
Magic:  34/36      EV: 13    Int: 23    God:    Vehumet [**....]
Gold:   378        SH:  0    Dex: 15    Spells: 6 memorised, 9 levels left

rFire  . . .     SeeInvis .     v - staff of power
rCold  . . .     Clarity  .     a - +0 robe
rNeg   . . .     SustAb   .     (no shield)
rPois  .         Gourm    .     A - +0 helmet
rElec  .         Spirit   .     u - +0 cloak
rCorr  .         Warding  .     C - +0 pair of gloves
rMut   .         Stasis   .     (no boots)
MR     .....                    (no amulet)
Stlth  ++........               (no ring)
                                (no ring)

@: swift, very slightly contaminated, repel missiles, quick, not resistant to
hostile enchantments, unstealthy
A: no striking features
a: Renounce Religion


You were on level 8 of the Dungeon.
You worshipped Vehumet.
Vehumet was pleased with you.
You were not hungry.

You visited 2 branches of the dungeon, and saw 9 of its levels.

You collected 456 gold pieces.
You spent 78 gold pieces at shops.

Inventory:

Hand weapons
 f - a +1 spear of piercing
Armour
 a - a +0 robe (worn)
 u - a +0 cloak (worn)
 A - a +0 helmet (worn)
 C - a +0 pair of gloves (worn)
Magical staves
 v - an uncursed staff of power (weapon)
Magical devices
 s - a wand of random effects (23)
 E - a wand of frost (26)
 I - a wand of random effects (36)
 L - a wand of digging (19)
Scrolls
 h - a scroll of enchant armour {unknown}
 i - 5 scrolls of remove curse
 l - 2 scrolls of noise {unknown}
 n - a scroll of fog {unknown}
 p - 3 scrolls of immolation
 r - 2 scrolls of teleportation
 t - 2 scrolls of recharging {unknown}
 y - 5 scrolls of enchant weapon {unknown}
 z - 2 scrolls of amnesia {unknown}
 G - a scroll of magic mapping {unknown}
Potions
 d - 3 potions of heal wounds
 e - 2 potions of might
 g - 2 potions of brilliance
 j - a potion of ambrosia
 k - a potion of flight
 q - a potion of lignification
 w - a potion of invisibility
 x - 2 potions of restore abilities {unknown}
 D - a potion of agility {unknown}
 F - 2 potions of curing
 K - a potion of mutation {unknown}
Books
 b - a book of Air

   Spells                             Type                      Level
   a - Shock                          Conjuration/Air              1
   b - Swiftness                      Charms/Air                   2
   c - Repel Missiles                 Charms/Air                   2
   d - Flight                         Charms/Air                   3
   e - Static Discharge               Conjuration/Air              3
   f - Lightning Bolt                 Conjuration/Air              5
Comestibles
 c - 3 bread rations
 m - 3 slices of pizza
 o - 3 meat rations
 B - a beef jerky
 H - a royal jelly
 J - 2 chunks of flesh


   Skills:
 - Level 2.4 Dodging
 - Level 2.4 Stealth
 - Level 7.3 Spellcasting
 + Level 8.1 Conjurations
 + Level 6.0 Fire Magic
 - Level 3.0 Air Magic


You had 9 spell levels left.
You knew the following spells:

 Your Spells              Type           Power        Failure   Level  Hunger
a - Shock                 Conj/Air       ####         1%          1    None
b - Repel Missiles        Chrm/Air       ###...       10%         2    None
c - Swiftness             Chrm/Air       ###.....     10%         2    None
d - Lightning Bolt        Conj/Air       ####......   24%         5    #####..
e - Flame Tongue          Conj/Fire      #####        1%          1    None
f - Magic Dart            Conj           ####         1%          1    None


Dungeon Overview and Level Annotations

Branches:
Dungeon (8/15)             Temple (1/1) D:5
   Lair: D:8-11

Altars:
Ashenzari
Cheibriados
Dithmenos
Elyvilon
Fedhas
Gozag
Kikubaaqudgha
Makhleb
Nemelex Xobeh
Okawaru
Qazlal
Ru
Sif Muna
Trog
Vehumet
Xom
Zin
The Shining One

Shops:
D:5 *   D:6 :

Annotations:
D:2 Terence


Message History

There is an open door here.
There is an open door here.
Casting: Shock
Confirm with . or Enter, or press ? or * to list all spells.
You miscast Swiftness.
You are very lightly contaminated with residual magic.
The air around you crackles with energy!
The two-headed ogre barely misses you. The two-headed ogre closely misses you.
There is an open door here.
Casting: Swiftness
Confirm with . or Enter, or press ? or * to list all spells.
You miscast Swiftness.
The two-headed ogre closely misses you.
The two-headed ogre hits you with a giant club.
* * * LOW HITPOINT WARNING * * *
There is an open door here.
Casting: Swiftness
Confirm with . or Enter, or press ? or * to list all spells.
You feel quick.
The two-headed ogre hits you with a dire flail!!
You die...

#.....#...#......'....#....#.
#.....'...#......#....#....#.
#.....#...#......#....#....#.
#.....#...#......#....+....'.
+.....#...#......#....#....#<
#.....#...+......#....#....#.
#+#.....##+##......###.##..####
..............O#+######+##..###.
..............@................
..............#...........[....
..............#................
.............#.....##...######
##########+##.....##...#
.##.....##...# ..............#
..............# ..............+


You could see a two-headed ogre.

Vanquished Creatures
  Sigmund (D:5)
  Duvessa (D:3)
  An ice beast (D:8)
  A phantom (D:6)
  Blork the orc (D:5)
  A giant frog (D:8)
  Dowan (D:4)
  2 scorpions (D:5)
  2 crimson imps
  A hound (D:4)
  5 orc priests
  5 orc wizards
  3 worker ants
  4 iguanas
  3 worker ant zombies
  9 adders
  An ooze (D:2)
  An adder zombie (D:8)
  A worm (D:4)
  3 giant geckos
  13 orcs
  A bat skeleton (D:6)
  A bat zombie (D:7)
  4 giant cockroaches
  16 hobgoblins
  4 jackals (D:1)
  13 bats
  7 giant newts
  11 goblins
  13 kobolds
  3 quokkas
  A quokka skeleton (D:3)
  13 rats
147 creatures vanquished.

Notes
Turn   | Place    | Note
--------------------------------------------------------------
     0 | D:1      | FedoraBrony69, the Deep Elf Air Elementalist, began the quest for the Orb.
     0 | D:1      | Reached XP level 1. HP: 10/10 MP: 6/6
   246 | D:1      | Reached XP level 2. HP: 15/15 MP: 2/8
   629 | D:1      | Reached skill level 4 in Spellcasting
   663 | D:1      | Reached XP level 3. HP: 15/19 MP: 2/10
   973 | D:2      | Noticed Terence
  1540 | D:2      | Found a glowing golden altar of the Shining One.
  1611 | D:2      | Found a stormy altar of Qazlal.
  1913 | D:3      | Reached XP level 4. HP: 24/24 MP: 9/12
  1932 | D:3      | Reached skill level 5 in Spellcasting
  2007 | D:3      | Learned a level 2 spell: Repel Missiles
  2010 | D:3      | Learned a level 2 spell: Swiftness
  2435 | D:3      | Found a radiant altar of Vehumet.
  2523 | D:3      | Became a worshipper of Vehumet
  2550 | D:4      | Noticed Duvessa
  2550 | D:4      | Noticed Dowan
  2556 | D:4      | Killed Dowan
  2556 | D:4      | Reached XP level 5. HP: 28/28 MP: 8/15
  2568 | D:3      | HP: 1/28 [Duvessa/short sword (4)]
  2666 | D:3      | Learned a level 5 spell: Lightning Bolt
  2856 | D:3      | Reached skill level 6 in Spellcasting
  3079 | D:3      | Killed Duvessa
  3079 | D:3      | Reached XP level 6. HP: 32/32 MP: 7/17
  3196 | D:4      | Noticed a sky beast
  3381 | D:4      | Found a shattered altar of Ashenzari.
  3382 | D:4      | Found a glowing silver altar of Zin.
  3458 | D:4      | Reached skill level 7 in Spellcasting
  3458 | D:4      | Reached skill level 5 in Conjurations
  3511 | D:4      | Acquired Vehumet's first power
  3511 | D:4      | Offered knowledge of Flame Tongue by Vehumet.
  3520 | D:4      | Learned a level 1 spell: Flame Tongue
  3778 | D:4      | Reached skill level 1 in Fire Magic
  3781 | D:4      | Reached XP level 7. HP: 34/36 MP: 6/19
  3996 | D:5      | Entered Level 5 of the Dungeon
  4307 | D:5      | Noticed Sigmund
  4316 | D:5      | Killed Sigmund
  4398 | D:5      | Found a staircase to the Ecumenical Temple.
  4410 | Temple   | Entered the Ecumenical Temple
  4715 | D:5      | Found Lorchoc's General Store.
  4742 | D:5      | Bought a scroll of identify for 26 gold pieces
  4742 | D:5      | Bought a scroll of identify for 26 gold pieces
  4742 | D:5      | Bought a scroll of identify for 26 gold pieces
  4899 | D:5      | Noticed Blork the orc
  4909 | D:5      | Killed Blork the orc
  4962 | D:5      | Found an ancient bone altar of Kikubaaqudgha.
  5037 | D:5      | Found a burning altar of Makhleb.
  5143 | D:5      | Reached XP level 8. HP: 41/41 MP: 21/21
  5239 | D:6      | Offered knowledge of Magic Dart by Vehumet.
  5482 | D:6      | Reached skill level 5 in Fire Magic
  5646 | D:6      | Found Uclitoda's Book Shop.
  5766 | D:6      | Found a deep blue altar of Sif Muna.
  6146 | D:7      | Learned a level 1 spell: Magic Dart
  6896 | D:8      | Offered knowledge of Ignite Poison by Vehumet.
  6896 | D:8      | Reached skill level 8 in Conjurations
  6913 | D:8      | Noticed a two-headed ogre
  6969 | D:8      | Mangled by a two-headed ogre

Action                   |  1- 3 |  4- 6 |  7- 9 || total
-------------------------+-------+-------+-------++-------
Melee: Spear             |     9 |       |       ||     9
 Cast: Shock             |    75 |   133 |   163 ||   371
       Swiftness         |       |     2 |     1 ||     3
       Repel Missiles    |       |       |     2 ||     2
  Use: Scroll            |       |     2 |     7 ||     9
       Potion            |       |     2 |       ||     2
  Eat: Chunk             |     3 |     5 |    10 ||    18
